AoeStats
← chen_yang90

Oasis

510141139Analyzed
2v2 RM · 2d ago on Sep 29, 2026· 76m 11s· 4 players
Game mode
Random Map
Map size
Medium (4 player)
Population
200
Speed
Normal
Resources
Standard
Victory
Conquest
Starting age
Dark Age
Ending age
Imperial Age
RankedLock teamsTeams togetherTeam positionsShared explorationLock speedFull tech treeHidden civsTurbo modeCheats
Victory
Defeat
🇩🇪 Teutons · Germany
1158
+14
🇩🇪 Hindustanis · Germany
1158
+14
🇩🇪 Poles · Germany
1325
-21
🇩🇪 Koreans · Germany
921
-7
chen_yang90
0:25 Loom
12:43 Feudal Age
19:02 Castle Age
17:38 Horse Collar
18:08 Double-Bit Axe
18:38 Gold Mining
19:29 Pikeman
21:03 Forging
23:01 Iron Casting
24:05 Scale Mail Armor
24:53 Fortified Wall
27:43 Bow Saw
28:50 Stone Mining
30:03 Wheelbarrow
30:06 Squires
30:25 Chain Mail Armor
31:56 Hand Cart
32:03 Heavy Plow
34:19 Scale Barding Armor
37:32 Imperial Age
34:53 Arson
35:19 Bloodlines
36:15 Man-at-Arms
37:17 Chain Barding Armor
37:45 Halberdier
38:50 Cavalier
41:53 Conscription
43:07 Crop Rotation
42:00 Paladin
48:19 Caravan
55:23 Two-Man Saw
54:24 Town Watch
56:25 Heated Shot
57:41 Chemistry
Dr.KoMi
7:50 Loom
9:50 Feudal Age
12:09 Double-Bit Axe
12:07 Horse Collar
13:33 Wheelbarrow
12:44 Town Watch
14:17 Gold Mining
14:43 Fletching
22:32 Castle Age
21:19 Padded Archer Armor
22:51 Crossbowman
23:27 Bodkin Arrow
24:01 Bow Saw
23:52 Heavy Plow
26:46 Hand Cart
26:56 Stone Mining
28:01 Fortified Wall
29:07 Leather Archer Armor
32:54 Scale Barding Armor
33:00 Forging
33:02 Bloodlines
32:52 Husbandry
34:08 Chain Barding Armor
35:15 Iron Casting
38:04 Imperial Age
36:59 Town Patrol
37:38 Gold Shaft Mining
37:39 Stone Shaft Mining
39:26 Plate Barding Armor
38:18 Heavy Camel Rider
40:03 Blast Furnace
41:39 Chemistry
41:00 Ballistics
41:23 Bracer
41:17 Siege Elephant
42:55 Conscription
42:36 Grand Trunk Road
43:56 Two-Man Saw
44:04 Ring Archer Armor
43:49 Imperial Camel Rider
44:33 Light Cavalry
46:16 Caravan
49:03 Squires
49:11 Scale Mail Armor
51:01 Elite Skirmisher
53:19 Thumb Ring
56:15 Shatagni
55:43 Elite Ghulam
56:40 Chain Mail Armor
60:56 Hussar
64:57 Siege Engineers
65:03 Masonry
Rinti
2:49 Loom
12:07 Feudal Age
17:20 Castle Age
15:47 Double-Bit Axe
25:51 Bow Saw
26:21 Fletching
27:11 Elite Skirmisher
28:41 Wheelbarrow
29:45 Bodkin Arrow
35:28 Hand Cart
35:56 Ballistics
36:39 Murder Holes
36:47 Town Watch
37:30 Masonry
37:38 Caravan
40:55 Imperial Age
39:29 Crossbowman
40:17 Thumb Ring
41:10 Arbalester
42:05 Bracer
43:30 Chemistry
43:22 Conscription
43:38 Architecture
54:18 Pikeman
55:39 Scale Mail Armor
55:50 Forging
55:58 Halberdier
56:45 Squires
57:37 Chain Mail Armor
57:57 Iron Casting
61:37 Plate Mail Armor
Südeutin
7:29 Loom
9:50 Feudal Age
10:30 Double-Bit Axe
11:26 Horse Collar
19:58 Castle Age
20:36 Bloodlines
21:21 Heavy Plow
21:33 Bow Saw
21:35 Husbandry
21:43 Scale Barding Armor
23:52 Szlachta Privileges
27:08 Chain Barding Armor
28:45 Forging
31:13 Iron Casting
31:44 Wheelbarrow
30:54 Town Watch
34:45 Imperial Age
33:04 Hand Cart
34:01 Gold Mining
34:02 Stone Mining
34:50 Cavalier
36:34 Blast Furnace
38:30 Scale Mail Armor
38:54 Conscription
39:28 Chain Mail Armor
39:24 Elite Obuch
40:56 Plate Mail Armor
42:28 Light Cavalry
43:37 Lechitic Legacy
43:21 Winged Hussar
45:02 Pikeman
48:04 Caravan
50:29 Hoardings
52:37 Fletching
54:48 Bodkin Arrow
56:04 Onager
57:02 Squires
57:23 Bracer
62:21 Sappers
63:12 Man-at-Arms
63:40 Arson
64:41 Crop Rotation
63:53 Long Swordsman
65:00 Two-Handed Swordsman
66:14 Champion
68:01 Siege Engineers
69:06 Champion
Connection lost

Rejoining the realm…

Still unreachable

The connection could not be restored.

Session expired

The server has moved on; the page needs a fresh start.